 Dungeon Crawl Stone Soup version 0.30-a0-310-g7d6cbdfea6 (webtiles) character file.

Game seed: 596581640982546798

19140 Lobster4 the Grappler (level 12, -1/126 HPs)
             Began as a Troll Monk on Oct 24, 2022.
             Was the Champion of Okawaru.
             Slain by a reaper
             ... wielding a +1 scythe of freezing
              (18 damage)
             ... in an ice cave.
             The game lasted 00:40:34 (9777 turns).

Lobster4 the Grappler (Troll Monk)                  Turns: 9777, Time: 00:40:34

Health: -1/126     AC: 12    Str: 32    XL:     12   Next: 33%
Magic:  14/14      EV: 14    Int:  6    God:    Okawaru [******]
Gold:   669        SH:  0    Dex: 12    Spells: 11/11 levels left

rFire   . . .      SeeInvis .      - Unarmed
rCold   . . .      Faith    .    (no shield)
rNeg    . . .      Spirit   .    W - +3 troll leather armour {Snorg}
rPois   .          Reflect  .    (helmet restricted)
rElec   .          Harm     .    P - +2 cloak
rCorr   .          Rampage  .    (gloves unavailable)
Will    .....                    (boots unavailable)
Stlth   +.........               A - amulet of the acrobat
HPRegen 2.01/turn                D - +4 ring of evasion
MPRegen 0.14/turn                M - +6 ring of strength

@: mighty
A: large, unfitting armour, claws 3, regeneration 1, shaggy fur 1, tough skin 1
a: Renounce Religion, Heroism, Finesse, Duel


You were in an ice cave.
You worshipped Okawaru.
Okawaru was exalted by your worship.
You visited 2 branches of the dungeon, and saw 13 of its levels.
You also visited: Ice Cave.

You collected 717 gold pieces.
You spent 48 gold pieces at shops.

Inventory:

Hand Weapons
 B - a +1 giant club
 J - a +1 sling of flaming
 K - a +0 giant club of freezing
 R - a +0 shortbow
Missiles
 l - 25 poisoned darts
 n - 11 atropa-tipped darts
 H - 2 large rocks
 I - 4 javelins (quivered)
Armour
 h - a +0 crystal plate armour of cold resistance
 s - an orb of wrath
 E - a +2 robe of willpower
 L - +0 acid dragon scales
 P - a +2 cloak (worn)
 S - a +2 tower shield of protection
 W - a +3 troll leather armour (worn) {Snorg}
 X - +0 steam dragon scales
Jewellery
 j - a ring of positive energy
 A - an amulet of the acrobat (around neck)
 D - a +4 ring of evasion (left claw)
 M - a +6 ring of strength (right claw)
 U - a +4 ring of protection
Wands
 q - a wand of charming (37)
 v - a wand of roots (2)
 O - a wand of polymorph (1)
 Y - a wand of flame (7)
Scrolls
 f - 3 scrolls of magic mapping
 g - 6 scrolls of teleportation
 m - a scroll of enchant weapon
 o - 2 scrolls of silence {unknown}
 t - a scroll of summoning {unknown}
 u - 3 scrolls of blinking
 y - 3 scrolls of noise {unknown}
 C - 2 scrolls of identify
 F - 3 scrolls of amnesia {unknown}
 G - 2 scrolls of vulnerability
 T - a scroll of poison {unknown}
 Z - a scroll of fear {unknown}
Potions
 a - 2 potions of heal wounds {unknown}
 c - 3 potions of degeneration {unknown}
 d - 3 potions of mutation {unknown}
 e - 3 potions of curing
 i - 2 potions of lignification {unknown}
 k - a potion of resistance {unknown}
 p - 2 potions of brilliance
 r - a potion of invisibility
 w - 5 potions of might
 x - a potion of cancellation {unknown}
 z - 3 potions of attraction {unknown}
 N - a potion of magic
 V - 3 potions of haste {unknown}


   Skills:
 + Level 9.9 Fighting
 - Level 3.0 Maces & Flails
 + Level 6.6 Throwing
 + Level 4.1 Armour
 - Level 3.0 Dodging
 - Level 1.0 Stealth
 - Level 5.0 Shields
 + Level 11.9 Unarmed Combat
 + Level 4.4 Invocations
 + Level 2.5 Evocations


You had 11 spell levels left.
You didn't know any spells.
Your spell library contained the following spells:

 Spells                   Type           Power      Damage    Failure   Level
 Apportation              Tloc           0%         N/A       50%         1
 Necrotise                Necr           0%         1d4       50%         1
 Summon Small Mammal      Summ           Unusable   N/A       N/A         1

Dungeon Overview and Level Annotations

Branches:
Dungeon (11/15)            Temple (0/1) D:7            Lair (0/5) D:10
    Orc (2/2) D:11            Elf (0/3) Orc:2         IceCv (1/1)

Altars:
Ashenzari
Cheibriados
Elyvilon
Hepliaklqana
Makhleb
Nemelex Xobeh
Okawaru
Qazlal
Ru
Sif Muna
Trog
Uskayaw
Vehumet
Xom
Yredelemnul
The Shining One

Shops:
D:1 *   D:4 *   D:5 [   D:7 (   D:8 =   Orc:1 =

Annotations:
D:9 3 runed translucent doors, themarg's ghost, novice MiFi
Orc:2 Josephine


Innate Abilities, Weirdness & Mutations

You are too large for most types of armour.
You have claws for hands.
Your natural rate of healing is unusually fast.
You are covered in fur. (AC +1)
You have tough skin. (AC +1)


Message History

You mangle the ice statue!!
You destroy the ice statue!
Okawaru accepts your kill.
The ice beast disappears in a puff of smoke! x3
You are engulfed in freezing vapours.
You see here a +0 giant club of freezing.
K - a +0 giant club of freezing You see here a +0 cloak.
You start resting.
HP restored.
An ice devil, a reaper and 4 simulacra come into view.
The reaper is wielding a +1 scythe of freezing.
Found 21 gold pieces and a glowing long sword.
The anaconda simulacrum grabs you. The anaconda simulacrum bites you.
The anaconda simulacrum freezes you!! The anaconda simulacrum constricts you.
You escape the anaconda simulacrum's grasp.
Okay, then.
Okay, then.
Okay, then.
You are confused.
You feel invigorated.
You bump into the ice covered rock wall.
The reaper misses you.
You bump into the ice covered rock wall.
The reaper hits you from afar with a +1 scythe of freezing!!
The reaper freezes you!
You hear a shout!
The reaper hits you with a +1 scythe of freezing!!
The reaper freezes you!
It was a potion of might.
You feel very mighty all of a sudden.
The reaper hits you with a +1 scythe of freezing!!!
* * * LOW HITPOINT WARNING * * *
The reaper freezes you.
* * * LOW HITPOINT WARNING * * *
It was a potion of curing.
You feel better.
You feel less invigorated. The reaper hits you but does no damage.
The reaper attacks as you move away!
The reaper hits you with a +1 scythe of freezing!!
You die...

## ##.# ###
#.Z.#### ##.##
)$#...4#.#
##.#.#
#...Z..#2##
##.#.##
#2Z#@## #.####
##.##.# #..##
#####.##
##...#
##..#.##
##..⌠.#
#.....[#
#.....##
##.##...#
##..#...#
#..##...#
#..###..##
#.####.####.##
##..# #..#####
#..# ##.#


You could see a reaper.

Vanquished Creatures
  An orc warlord (Orc:1)
  Snorg (D:10)
  2 two-headed ogres
  2 boulder beetles
  Pikel (D:6)
  Maurice (D:8)
  A manticore (D:9)
  An ice statue (IceCv)
  Joseph (D:7)
  A gargoyle (D:11)
  Maggie (D:7)
  A freezing wraith (IceCv)
  A rime drake (Orc:1)
  2 ice devils (IceCv)
  3 trolls
  A hornet (D:8)
  4 slime creatures (D:8)
  A shadow (D:11)
  A wraith (Orc:1)
  20 yaks
  A wyvern (D:10)
  3 death yak simulacra (IceCv)
  3 steam dragons
  2 vampire mosquitoes (D:11)
  Menkaure (D:7)
  An acid dragon (D:9)
  A water moccasin (D:7)
  6 wargs
  A sky beast (D:7)
  An ice beast (D:6)
  7 orc warriors
  2 black bears
  4 ogres
  4 centaurs
  3 kobold brigands
  A bullfrog (D:7)
  A scorpion (D:5)
  6 two-headed ogre simulacra (IceCv)
  4 wights (D:10)
  3 elephant simulacra (IceCv)
  12 killer bees
  4 howler monkeys
  A crimson imp (D:10)
  A hound (D:4)
  14 orc priests
  A gnoll bouda (D:5)
  3 jellies
  11 orc wizards
  Terence (D:3)
  7 iguanas
  A polar bear simulacrum (IceCv)
  8 spriggan simulacra (IceCv)
  3 troll simulacra (IceCv)
  A wolf simulacrum (IceCv)
  3 adders
  11 gnolls
  3 naga simulacra (IceCv)
  A shadow imp (D:7)
  8 white imps
  5 ufetubi
  2 worms
  6 dart slugs
  34 orcs
  10 ball pythons
  5 bats
  6 endoplasms
  3 giant cockroaches
  5 hobgoblins
  6 jackals
  18 kobolds
  A quokka (D:1)
  3 frilled lizards (D:1)
  6 goblins
  6 rats
312 creatures vanquished.

Vanquished Creatures (others)
  An ettin (Orc:2)
  2 orc wizards
  An orc (Orc:2)
  38 fungi (D:7)
42 creatures vanquished.

Grand Total: 354 creatures vanquished

Notes
Turn   | Place    | Note
-------+----------+-------------------------------------------
     0 | D:1      | Lobster4 the Troll Monk began the quest for the Orb.
     0 | D:1      | Reached XP level 1. HP: 22/22 MP: 0/0
    81 | D:1      | Reached XP level 2. HP: 27/29 MP: 1/1
   316 | D:1      | Found Kifeaze's General Store.
   504 | D:1      | Reached XP level 3. HP: 36/36 MP: 2/2
  1075 | D:2      | Reached XP level 4. HP: 42/45 MP: 3/3
  1474 | D:3      | Noticed Terence
  1493 | D:3      | Killed Terence
  1494 | D:3      | Reached skill level 4 in Unarmed Combat
  1577 | D:3      | Found a faded altar of an unknown god.
  1633 | D:3      | Found a basalt altar of Yredelemnul.
  1702 | D:3      | Reached skill level 1 in Throwing
  1708 | D:3      | Reached XP level 5. HP: 35/53 MP: 4/4
  1734 | D:3      | Found an iron altar of Okawaru.
  1739 | D:3      | Became a worshipper of Warmaster Okawaru
  1739 | D:3      | Reached * piety under Okawaru
  1739 | D:3      | Reached ** piety under Okawaru
  1819 | D:3      | Found a snail-covered altar of Cheibriados.
  2000 | D:4      | Found Ata Xai's Fire Supplies.
  2007 | D:4      | Bought a scroll of immolation for 48 gold pieces
  2075 | D:4      | Found a broken altar of Ashenzari.
  2079 | D:4      | Saw a vision of the Shoals and the Spider Nest.
  2079 | D:4      | Noticed a water nymph
  2079 | D:4      | Noticed a redback
  2079 | D:4      | Noticed a merfolk aquamancer
  2079 | D:4      | Noticed a merfolk
  2079 | D:4      | Noticed a redback
  2079 | D:4      | Noticed a moth of wrath
  2079 | D:4      | Noticed a jorogumo
  2079 | D:4      | Noticed a wolf spider
  2079 | D:4      | Noticed a merfolk
  2079 | D:4      | Noticed a pharaoh ant
  2079 | D:4      | Noticed a snapping turtle
  2079 | D:4      | Noticed a harpy
  2079 | D:4      | Noticed a radroach
  2080 | D:4      | Noticed a water nymph
  2080 | D:4      | Noticed a jumping spider
  2081 | D:4      | Noticed a radroach
  2081 | D:4      | Noticed a wind drake
  2082 | D:4      | Noticed a pharaoh ant
  2145 | D:4      | Reached XP level 6. HP: 62/62 MP: 5/5
  2245 | D:4      | Reached skill level 5 in Unarmed Combat
  2528 | D:4      | Found a stormy altar of Qazlal.
  2767 | D:5      | Entered Level 5 of the Dungeon
  2893 | D:5      | Reached skill level 1 in Invocations
  2893 | D:5      | Reached XP level 7. HP: 62/71 MP: 6/6
  2967 | D:5      | Found Tuutopocs's Antique Armour Boutique.
  3109 | D:4      | Reached *** piety under Okawaru
  3555 | D:6      | Reached skill level 6 in Unarmed Combat
  3688 | D:6      | Noticed Pikel
  3709 | D:6      | Killed Pikel
  3709 | D:6      | Reached **** piety under Okawaru
  3710 | D:6      | Reached skill level 5 in Fighting
  3710 | D:6      | Reached XP level 8. HP: 81/81 MP: 7/9
  3805 | D:6      | Reached skill level 7 in Unarmed Combat
  3888 | D:6      | Found a shimmering altar of Xom.
  3890 | D:6      | Found a sparkling altar of Nemelex Xobeh.
  3890 | D:6      | Found a hazy altar of Hepliaklqana.
  3892 | D:6      | Found a shimmering blue altar of Sif Muna.
  3892 | D:6      | Found a bloodstained altar of Trog.
  3892 | D:6      | Found a glowing golden altar of the Shining One.
  4355 | D:7      | Noticed Joseph
  4369 | D:7      | Found Vicu's Weapon Shop.
  4375 | D:7      | Noticed Menkaure
  4384 | D:7      | Killed Menkaure
  4385 | D:7      | Reached XP level 9. HP: 88/89 MP: 10/10
  4389 | D:7      | Reached skill level 8 in Unarmed Combat
  4400 | D:7      | Found a sacrificial altar of Ru.
  4402 | D:7      | Noticed Maggie
  4419 | D:7      | Killed Maggie
  4419 | D:7      | Reached ***** piety under Okawaru
  4446 | D:7      | Found a hide-covered altar of Uskayaw.
  4449 | D:7      | Found a burning altar of Makhleb.
  4484 | D:7      | Found a bloodstained altar of Trog.
  4505 | D:7      | Noticed a two-headed ogre
  4517 | D:7      | Killed a two-headed ogre
  4518 | D:7      | Reached skill level 9 in Unarmed Combat
  4645 | D:7      | Received a gift from Okawaru
  4881 | D:7      | Found a white marble altar of Elyvilon.
  5027 | D:7      | Found a staircase to the Ecumenical Temple.
  5063 | D:7      | Killed Joseph
  5066 | D:7      | Reached XP level 10. HP: 95/104 MP: 11/11
  5305 | D:8      | Reached skill level 10 in Unarmed Combat
  5419 | D:8      | Noticed Maurice
  5441 | D:8      | Killed Maurice
  5441 | D:8      | Received a gift from Okawaru
  5563 | D:8      | Found Ovo Toag's One-of-a-Kind Rings.
  5656 | D:8      | Reached skill level 1 in Armour
  6046 | D:9      | Reached skill level 1 in Shields
  6135 | D:9      | Noticed a manticore
  6151 | D:9      | Killed a manticore
  6235 | D:9      | Found a radiant altar of Vehumet.
  6433 | D:9      | Found a runed translucent gate.
  6433 | D:9      | Found a runed translucent gate.
  6433 | D:9      | Found a runed translucent gate.
  6435 | D:9      | Noticed themarg's ghost (novice MiFi)
  6843 | D:9      | Found a shimmering blue altar of Sif Muna.
  6998 | D:10     | Entered Level 10 of the Dungeon
  7078 | D:10     | Reached XP level 11. HP: 107/113 MP: 12/12
  7142 | D:10     | Found a staircase to the Lair.
  7160 | D:10     | Reached skill level 11 in Unarmed Combat
  7222 | D:10     | Noticed Snorg
  7237 | D:10     | HP: 1/115 [Snorg (19)]
  7238 | D:10     | Killed Snorg
  7239 | D:10     | Reached skill level 5 in Throwing
  7965 | D:11     | Found a staircase to the Orcish Mines.
  7968 | D:11     | Received a gift from Okawaru
  8013 | D:11     | Noticed a two-headed ogre
  8035 | D:11     | Killed a two-headed ogre
  8093 | D:11     | Reached skill level 1 in Evocations
  8130 | D:11     | Noticed a boulder beetle
  8148 | D:11     | Killed a boulder beetle
  8148 | D:11     | Reached ****** piety under Okawaru
  8309 | D:11     | Identified the +2 robe "Soidesa" {Harm Rampage rN+}
                  | (Okawaru gifted it to you on level 11 of the Dungeon)
  8309 | D:11     | Received a gift from Okawaru
  8549 | Orc:1    | Entered Level 1 of the Orcish Mines
  8549 | Orc:1    | Noticed a boulder beetle
  8561 | Orc:1    | Killed a boulder beetle
  8653 | Orc:2    | Entered Level 2 of the Orcish Mines
  8659 | Orc:2    | Found a staircase to the Elven Halls.
  8665 | Orc:2    | Noticed an ettin
  8671 | Orc:2    | Noticed Josephine
  8681 | Orc:2    | Killed an ettin
  8695 | Orc:1    | Noticed an orc warlord
  8698 | Orc:1    | Killed an orc warlord
  8699 | Orc:1    | Reached XP level 12. HP: 17/126 MP: 12/14
  8786 | Orc:1    | Found Xanwiott's Jewellery Emporium.
  8826 | Orc:1    | Found a frozen archway.
  8832 | IceCv    | Entered an ice cave
  9335 | IceCv    | Reached skill level 5 in Shields
  9767 | IceCv    | Noticed a reaper
  9775 | IceCv    | HP: 3/126 [reaper/+1 scythe of freezing (40)]
  9775 | IceCv    | HP: 1/126 [reaper/+1 scythe of freezing (2)]
  9777 | IceCv    | Slain by a reaper

Illustrated notes

Levels and vault maps discovered:
D:1:      dpeg_arrival_tiny_j, layout_loops_ring, serial_shops, shop,
          minmay_misc_feat_four_crosses, hangedman_decor_peaks_small
D:2:      layout_basic, grunt_ministairs_1
D:3:      layout_rooms, mainiacjoe_overflow_alcove_2,
          hellmonk_okawaru_the_only_friend_you_need,
          mainiacjoe_overflow_concentric_impassable,
          shapermc_ecumenical_altar_ellora, uniq_terence
D:4:      layout_loops_ring, general_overflow_altar, grunt_ashenzari_visionary
          [grunt_ashenzari_visionary_shoals, grunt_ashenzari_visionary_spider],
          roderic_roman_lattice, nicolae_shop_fire_sale [nicolae_sub_dead_trees]
D:5:      layout_cave_pools, serial_shops, nicolae_diamond_shop
D:6:      layout_loops_cross, doesnt_xom_only_xom, uniq_pikel
D:7:      layout_basic, lemuel_tele_altar, mainiacjoe_overflow_catch_the_wave,
          amcnicky_altar_gilded, kennysheep_mini_moat,
          minmay_temple_entry_nine_rooms, serial_shops,
          nicolae_shop_bloodbath_and_beyond, uniq_menkaure, uniq_maggie,
          uniq_joseph
D:8:      layout_basic, nicolae_shop_unique_rings, uniq_maurice
D:9:      layout_loops_ring, mainiacjoe_overflow_alcove_1,
          mainiacjoe_overflow_six_doors_small, gammafunk_ghost_spectres
D:10:     layout_cave_pools, lair_entry_dummy, minmay_fire_ice_demons,
          uniq_snorg
D:11:     layout_loops_ring, minmay_orc_entry_guard_dogs
Orc:1:    layout_diamond_mine, portal_ice_cave_rime, serial_shops,
          nicolae_shop_advertising_works [nicolae_subvault_shop_adworks],
          rock_pile
Orc:2:    grunt_orc_tribal_feast, layout_caves, mines4_lemuel, uniq_josephine
IceCv:    ice_cave_caverns_01

Skill      XL: |  1  2  3  4  5  6  7  8  9 10 11 12 |
---------------+-------------------------------------+-----
Fighting       | 3 4 5 6 8 9 |  9.9
Dodging        | 3 |  3.0
Unarmed Combat | 4 5 6 7 9 10 11 | 11.9
Throwing       | 1 2 4 6 |  6.6
Invocations    | 1 3 4 |  4.4
Maces & Flails | 2 3 |  3.0
Armour         | 2 3 4 |  4.1
Shields        | 2 4 5 |  5.0
Evocations     | 2 |  2.5
Stealth        | |  1.0

Action                   |  1- 3 |  4- 6 |  7- 9 | 10-12 || total
-------------------------+-------+-------+-------+-------++-------
Melee: Unarmed           |    84 |   125 |   184 |   439 ||   832
       Punch             |     2 |     1 |     5 |    26 ||    34
Throw: Dart              |       |     4 |    14 |    70 ||    88
       Javelin           |       |       |       |    34 ||    34
  Use: Scroll            |       |     3 |       |    10 ||    13
       Potion            |       |       |       |     4 ||     4
 Stab: Sleeping          |     3 |     4 |     3 |     1 ||    11
Armor: Robe              |    33 |    15 |    32 |    56 ||   136
       Troll leather arm |       |       |       |    77 ||    77
Dodge: Dodged            |    35 |    42 |   107 |   298 ||   482

Table legend: (Time is in decaauts)
 A = Elapsed time spent in this place.
 B = Non-inter-level travel time spent in this place.
 C = Inter-level travel time spent in this place.
 D = Time resting spent in this place.
 E = Time spent auto-exploring this place.
 F = Levels seen in this place.
 G = Mean time per level.
                   A        B        C        D        E       F      G
               +--------+--------+--------+--------+--------+-----+--------+
         Total |   9658 |   9223 |    435 |    559 |   6123 |  14 |  689.9 |
       Dungeon |   8444 |   8009 |    435 |    295 |   5869 |  11 |  767.6 |
  Orcish Mines |    277 |    277 |      0 |      5 |     57 |   2 |  138.5 |
      Ice Cave |    937 |    937 |      0 |    259 |    197 |   1 |  937.0 |
               +--------+--------+--------+--------+--------+-----+--------+

Top non-repeatable levels by time:
     D:9: 1338 daAuts
     D:7: 939 daAuts
   IceCv: 937 daAuts
     D:4: 929 daAuts
     D:2: 753 daAuts
     D:6: 709 daAuts
     D:8: 661 daAuts
     D:1: 646 daAuts
     D:5: 645 daAuts
    D:11: 637 daAuts
    D:10: 625 daAuts
     D:3: 557 daAuts
   Orc:1: 235 daAuts
   Orc:2: 41 daAuts
